 Dungeon Crawl Stone Soup version 0.27.1-34-g3ba077fa99 (webtiles) character file.

Game seed: 9106389986975137136

111 zeram the Covert (level 4, 0/29 HPs)
             Began as an Octopode Brigand on Jan 8, 2022.
             Slain by a sky beast (6 damage)
             ... on level 3 of the Dungeon.
             The game lasted 00:02:54 (1978 turns).

zeram the Covert (Octopode Brigand)                 Turns: 1978, Time: 00:02:56

Health: 0/29       AC:  1    Str: 10    XL:     4   Next: 92%
Magic:  4/4        EV: 12    Int: 14    God:
Gold:   54         SH:  0    Dex: 13    Spells: 3/3 levels left

rFire    . . .     SeeInvis .   a - +2 dagger
rCold    . . .     Faith    .   (no shield)
rNeg     . . .     Spirit   .   (helmet restricted)
rPois    .         Reflect  .   (no amulet)
rElec    .         Harm     .   (no ring)
rCorr    .         Rampage  .   (no ring)
Will     .....                  (no ring)
Stlth    +++++.....             (no ring)
HPRegen  0.09/turn              (no ring)
MPRegen  0.09/turn              (no ring)
                                (no ring)
                                (no ring)

@: no status effects
A: almost no armour, amphibious, 8 rings, camouflage 1, gelatinous body 1,
(nimble swimmer 1), tentacles
a: no special abilities


You were on level 3 of the Dungeon.
You visited 1 branch of the dungeon, and saw 3 of its levels.

You collected 54 gold pieces.

Inventory:

Hand Weapons
 a - a +2 dagger (weapon)
Missiles
 b - 8 poisoned darts (quivered)
 c - 9 curare-tipped darts
Scrolls
 e - a scroll of amnesia


   Skills:
 - Level 2.0 Fighting
 - Level 2.0 Short Blades
 - Level 2.0 Throwing
 - Level 1.0 Dodging
 + Level 8.5 Stealth


You had 3 spell levels left.
You didn't know any spells.
Your spell library contained the following spells:

 Spells                   Type           Power      Damage    Failure   Level
 Corpse Rot               Necr/Air       N/A        N/A       41%         2
 Static Discharge         Conj/Air       0%         N/A       41%         2
 Dispel Undead            Necr           0%         3d6       96%         4
 Sticky Flame             Conj/Fire      0%         2d3       96%         4
 Death Channel            Necr           0%         N/A       100%        6


Dungeon Overview and Level Annotations

Branches:
Dungeon (3/15)

Altars:


Innate Abilities, Weirdness & Mutations

You cannot wear most types of armour.
You are amphibious.
You can wear up to eight rings at the same time.
Your skin changes colour to match your surroundings (Stealth+).
Your rubbery body absorbs attacks. (AC +1, EV +1)
((You are camouflaged near water. (Stealth+)))
You have tentacles for arms and can constrict up to eight enemies at once.


Message History

You see here a book of Decay.
You can't memorise that many levels of magic yet!
Done exploring.
Done exploring.
Done exploring.
Done exploring.
(D) Dungeon
Where to? (Enter - D:2, ? - help)
There is a stone staircase leading down here.
You climb downwards.
Found a stone staircase leading down.
There is a stone staircase leading up here.
A sky beast and a kobold come into view.
There are monsters nearby!
There are monsters nearby!
There are monsters nearby!
There are monsters nearby!
A kobold comes into view. It is wielding a +0 dagger.
Found an escape hatch in the floor.
Found a stone staircase leading down.
The sky beast flickers out of sight!
Deactivating autopickup; reactivate with Ctrl-A.
The helpless kobold fails to defend itself.
You impale the kobold!!
You kill the kobold!
Something hits you. Something shocks you.
You see here a +0 short sword.
Something hits you. Something shocks you.
You are too injured to fight recklessly!
You are too injured to fight recklessly!
You are too injured to fight recklessly!
You are too injured to fight recklessly!
Unknown command.
You are too injured to fight recklessly!
The helpless kobold fails to defend itself.
You impale the kobold!!
You kill the kobold!
Something hits you.
* * * LOW HITPOINT WARNING * * *
Something shocks you.
You die...

#########
.......#####
...........
#.........#
#.........#
#..)......#
#..@......#
##.
#..{......#
...
#.).......#
..#
#....>.....
#.#
#.........#
#.#
#......>..#
#.#
#.####.####
.#######.###.#
.#
.......#.....#
#


There were no monsters in sight!

Vanquished Creatures
  Jessica (D:2)
  An orc wizard (D:2)
  An adder (D:2)
  2 dart slugs (D:2)
  2 orcs (D:2)
  5 ball pythons
  4 bats
  5 endoplasms
  2 giant cockroaches
  A goblin (D:1)
  6 hobgoblins
  5 kobolds
  A quokka (D:2)
  3 frilled lizards
  3 rats
  2 bushes (D:1)
44 creatures vanquished.

Vanquished Creatures (others)
  5 plants
5 creatures vanquished.

Grand Total: 49 creatures vanquished

Notes
Turn   | Place    | Note
-------+----------+-------------------------------------------
     0 | D:1      | zeram the Octopode Brigand began the quest for the Orb.
     0 | D:1      | Reached XP level 1. HP: 14/14 MP: 1/1
    86 | D:1      | Reached XP level 2. HP: 19/19 MP: 2/2
   100 | D:1      | Reached skill level 6 in Stealth
  1231 | D:2      | Reached XP level 3. HP: 24/24 MP: 3/3
  1233 | D:2      | Reached skill level 7 in Stealth
  1374 | D:2      | Found a faded altar of an unknown god.
  1552 | D:2      | Noticed Jessica
  1560 | D:2      | Killed Jessica
  1561 | D:2      | Reached XP level 4. HP: 19/29 MP: 4/4
  1732 | D:2      | Reached skill level 8 in Stealth
  1968 | D:3      | Noticed a sky beast
  1978 | D:3      | Slain by a sky beast

Illustrated notes

Levels and vault maps discovered:
D:1:      evilmike_arrival_fibonacci_small, layout_loops_cross, serial_forest,
          infiniplex_forest_clump_curved, infiniplex_forest_lined_room_2,
          infiniplex_forest_clump_diagonal, infiniplex_forest_clump_small,
          infiniplex_forest_clump_double, infiniplex_forest_zigzag_1
D:2:      layout_rooms, dreamdust_ecumenical_altar_grove, nrook_mini_vaults,
          minmay_misc_feat_cross, uniq_jessica
D:3:      layout_loops_ring, grunt_ministairs_9, minmay_misc_feat_tiny

Skill      XL: |  1  2  3  4 |
---------------+-------------+-----
Stealth        | 6 7 8 |  8.5
Fighting       | |  2.0
Short Blades   | |  2.0
Throwing       | |  2.0
Dodging        | |  1.0

Action                   |  1- 3 |  4- 6 || total
-------------------------+-------+-------++-------
Melee: Dagger            |   237 |    13 ||   250
       Tentacles         |    51 |     1 ||    52
       Constrict         |     7 |     2 ||     9
  Use: Scroll            |     1 |     2 ||     3
       Potion            |       |     1 ||     1
 Stab: Sleeping          |    17 |     4 ||    21
       Distracted        |     1 |       ||     1
Armor: Skin              |     5 |     1 ||     6
Dodge: Dodged            |    47 |     5 ||    52
